 Dungeon Crawl Stone Soup version 0.30-a0-996-ga6910c8ee8 (webtiles) character file.

Game seed: 16067457549474651558

32 Dirian the Trooper (level 3, -1/33 HPs)
             Began as a Minotaur Fighter on Apr 4, 2023.
             Succumbed to a kobold's poison
             ... on level 2 of the Dungeon.
             The game lasted 00:01:24 (927 turns).

Dirian the Trooper (Minotaur Fighter)                Turns: 927, Time: 00:01:25

Health: -1/33      AC:  7    Str: 19 (22) XL:     3   Next: 8%
Magic:  2/2        EV:  9    Int:  4 (5)  God:
Gold:   51         SH:  4    Dex:  6 (9)  Spells: 2/2 levels left

rFire   . . .      SeeInvis .    a - +0 long sword
rCold   . . .      Faith    .    c - +0 buckler
rNeg    . . .      Spirit   .    b - +0 scale mail
rPois   .          Reflect  .    (helmet restricted)
rElec   .          Rampage  .    (no cloak)
rCorr   .                        (no gloves)
Will    .....                    (no boots) Stlth
                                 (no amulet)
HPRegen 0.25/turn                (no ring)
MPRegen 0.08/turn                (no ring)

@: lethally poisoned (-1 -> -9)
A: horns 2, retaliatory headbutt
a: no special abilities


You were on level 2 of the Dungeon.
You visited 1 branch of the dungeon, and saw 2 of its levels.

You collected 51 gold pieces.

Inventory:

Hand Weapons
 a - a +0 long sword (weapon)
Armour
 b - a +0 scale mail (worn)
 c - a +0 buckler (worn)
Scrolls
 e - a scroll of magic mapping {unknown}
 f - a scroll of fog {unknown}
Potions
 d - a potion of might
 g - a potion of degeneration


   Skills:
 + Level 4.1 Fighting
 + Level 3.1 Long Blades
 + Level 4.0 Armour
 + Level 4.0 Shields


You had 2 spell levels left.
You didn't know any spells.
Your spell library was empty.

Dungeon Overview and Level Annotations

Branches:
Dungeon (2/15) Zot: 11046

Altars:


Innate Abilities, Weirdness & Mutations

You have a pair of horns on your head.
You reflexively headbutt those who attack you in melee.


Message History

You feel sick. The kobold hits you but does no damage.
You are more poisoned.
You closely miss the kobold. Your headbutt misses the kobold.
The kobold is heavily wounded.
You feel very sick. The kobold hits you but does no damage.
You are more poisoned.
The kobold hits you with a +2 short sword of venom.
You are lethally poisoned!
You are too injured to fight recklessly!
You are too injured to fight recklessly!
You are too injured to fight recklessly!
You are too injured to fight recklessly!
You are too injured to fight recklessly!
You are too injured to fight recklessly!
It was a potion of degeneration.
There was something very wrong with that liquid.
You feel weakened.
You feel dopey.
You feel clumsy.
You feel extremely sick. The kobold closely misses you.
You closely miss the kobold.
The kobold is heavily wounded.
* * * LOW HITPOINT WARNING * * *
You feel very sick.
The kobold hits you with a +2 short sword of venom.
* * * LOW HITPOINT WARNING * * *
You barely miss the kobold.
The kobold is heavily wounded.
* * * LOW HITPOINT WARNING * * *
You feel very sick. The kobold closely misses you.
You slash the kobold!
You kill the kobold!
* * * LOW HITPOINT WARNING * * *
You feel very sick.
Your Shields skill increases to level 4!
Why would you want to do that?
There is a lethal amount of poison in your body!
There is a lethal amount of poison in your body!
You die...

#.#.......#.#
#.........#.#
#####.#.....####.#
#............#
#####.#.######
#.#.....#
#.#####.#
#.#####.#####.##
#.......@)......
#..######.###.##
#.. ... #..# #.##
.# .. ##


There were no monsters in sight!

Vanquished Creatures
  5 ball pythons (D:1)
  2 bats (D:1)
  2 endoplasms (D:1)
  A giant cockroach (D:1)
  2 hobgoblins (D:1)
  4 jackals (D:1)
  5 kobolds
  A quokka (D:1)
  3 frilled lizards (D:1)
  A rat (D:1)
26 creatures vanquished.

Notes
Turn   | Place    | Note
-------+----------+-------------------------------------------
     0 | D:1      | Dirian the Minotaur Fighter began the quest for the Orb.
     0 | D:1      | Reached XP level 1. HP: 19/19 MP: 0/0
   143 | D:1      | Reached XP level 2. HP: 14/27 MP: 1/1
   723 | D:1      | Reached XP level 3. HP: 33/33 MP: 2/2
   926 | D:2      | HP: 1/33 [poisoned by a kobold]
   927 | D:2      | Succumbed to a kobold's poison

Illustrated notes

Levels and vault maps discovered:
D:1:      saegor_arrival_simple_b, layout_basic, hex_intersection
D:2:      layout_basic, nicolae_eternal_life

Skill      XL: |  1  2  3 |
---------------+----------+-----
Fighting       | 4 |  4.1
Armour         | 4 |  4.0
Long Blades    | 3 |  3.1
Shields        | 4 |  4.0

Action                     || total
---------------------------++-------
  Melee: Long sword        ||    86
         Headbutt          ||    10
    Use: Potion            ||     1
 Armour: Scale mail        ||    53
  Dodge: Dodged            ||    40
  Block: Buckler           ||    18

Table legend: (Time is in decaauts)
 A = Elapsed time spent in this place.
 B = Non-inter-level travel time spent in this place.
 C = Inter-level travel time spent in this place.
 D = Time resting spent in this place.
 E = Time spent auto-exploring this place.
 F = Levels seen in this place.
 G = Mean time per level.
                   A        B        C        D        E       F      G
               +--------+--------+--------+--------+--------+-----+--------+
         Total |    953 |    909 |     44 |      0 |    736 |   2 |  476.5 |
       Dungeon |    953 |    909 |     44 |      0 |    736 |   2 |  476.5 |
               +--------+--------+--------+--------+--------+-----+--------+

Top non-repeatable levels by time:
     D:1: 904 daAuts
     D:2: 48 daAuts
